 Dungeon Crawl Stone Soup version 0.31-a0-198-g2ad674f65e (webtiles) character file.

Game seed: 16812070689433990703

28 qw the Shooter (level 2, -2/16 HPs)
             Began as a Deep Elf Hunter on June 25, 2023.
             Slain by a hobgoblin (4 damage)
             ... on level 2 of the Dungeon.
             The game lasted 00:00:11 (936 turns).

qw the Shooter (Deep Elf Hunter)                     Turns: 936, Time: 00:00:12

Health: -2/16      AC:  3    Str:  8    XL:     2   Next: 96%
Magic:  4/4        EV: 12    Int: 13    God:
Gold:   135        SH:  0    Dex: 18    Spells: 1/1 levels left

rFire   . . .        Y - +0 shortbow
rCold   . . .        (shield currently unavailable)
rNeg    . . .        c - +0 leather armour
rPois   .            (no helmet)
rElec   .            (no cloak)
rCorr   .            (no gloves)
SInv    .            (no boots)
Will    .....        (no amulet)
Stlth   ++           (no ring)
HPRegen 0.22/turn    (no ring)
MPRegen 0.09/turn

%: no passive effects
@: no status effects
A: no striking features
a: no special abilities


You were on level 2 of the Dungeon.
You visited 1 branch of the dungeon, and saw 2 of its levels.

You collected 135 gold pieces.


   Skills:
 - Level 1.5 Fighting
 + Level 6.6 Ranged Weapons
 - Level 2.4 Dodging
 - Level 1.2 Stealth


You had one spell level left.
You didn't know any spells.
Your spell library was empty.

Inventory:

Hand Weapons
 Y - a +0 shortbow (weapon)
Armour
 b - a +0 ring mail
 c - a +0 leather armour (worn)
Scrolls
 a - a scroll of amnesia {unknown}
 d - a scroll of enchant weapon {unknown}
Potions
 f - a potion of curing {unknown}

Dungeon Overview and Level Annotations

Branches:
Dungeon (2/15)

Altars:


Message History

You shoot an arrow. The arrow barely misses the adder.
You shoot an arrow. The arrow closely misses the adder.
You shoot an arrow. The arrow barely misses the adder.
You shoot an arrow. The arrow hits the adder!
The adder is heavily wounded.
The adder bites you but does no damage. The adder bites you.
You shoot an arrow. The arrow misses the adder.
The hobgoblin shouts!
The adder bites you but does no damage.
You shoot an arrow. The arrow closely misses the adder.
The adder bites you. The adder barely misses you.
You shoot an arrow. The arrow closely misses the adder.
The adder barely misses you.
You shoot an arrow. The arrow closely misses the adder.
The adder closely misses you. The adder bites you.
You shoot an arrow. The arrow hits the adder.
The adder is severely wounded.
The adder bites you.
You shoot an arrow. The arrow closely misses the adder.
The adder bites you.
You are poisoned.
The adder poisons you! The hobgoblin closely misses you. The adder bites you.
You shoot an arrow. The arrow hits the adder.
The adder is almost dead.
You feel sick. The adder bites you. The hobgoblin closely misses you.
You shoot an arrow. The arrow closely misses the adder.
You feel sick. The adder barely misses you.
The hobgoblin hits you but does no damage.
The adder bites you but does no damage.
You shoot an arrow. The arrow hits the adder.
You kill the adder!
You feel sick. The hobgoblin barely misses you.
You shoot an arrow. The arrow closely misses the hobgoblin.
You feel sick.
You are no longer poisoned.
The hobgoblin barely misses you.
You shoot an arrow. The arrow hits the hobgoblin.
The hobgoblin is severely wounded.
The hobgoblin hits you.
You die...

#.# #.# ..#...
#.# ..... .
######.########
....#..
..............##
.......
######.######..#
....... #.# ##.#
....#.. #.#
#.##.....$. #.#
#..@%.# #.#
###.g...... #.#
###.#.###
######.#####
...#
...........(
.... )....#
..... ####.#
#.## #.# .#
####.#


You could see a hobgoblin.

Vanquished Creatures
  2 adders (D:2)
  2 endoplasms (D:2)
  2 hobgoblins
  2 kobolds
  A ball python (D:1)
  A rat (D:2)
10 creatures vanquished.

Notes
Turn   | Place    | Note
-------+----------+-------------------------------------------
     0 | D:1      | qw the Deep Elf Hunter began the quest for the Orb.
     0 | D:1      | Reached XP level 1. HP: 12/12 MP: 3/3
     0 | D:1      | 0 ||| qw: Version: 0.3-a-22-g0ed2b0b
     0 | D:1      | 0 ||| qw: Game counter: 4913
     0 | D:1      | 0 ||| qw: Melee chars always use a shield: true
     0 | D:1      | 0 ||| qw: God list: Okawaru
     0 | D:1      | 0 ||| qw: Allow faded altars: false
     0 | D:1      | 0 ||| qw: Do Orc after clearing Dungeon:15 true
     0 | D:1      | 0 ||| qw: Do second Lair branch before Depths: true
     0 | D:1      | 0 ||| qw: Lair rune preference: random
     0 | D:1      | 0 ||| qw: Goals: Normal
     0 | D:1      | 0 ||| PLANNING D:1-11
   645 | D:1      | 645 ||| READING 2 scrolls labelled FUROEL NARUOB.
   646 | D:1      | 646 ||| READING scroll labelled UMNICIH KOEN.
   647 | D:1      | 647 ||| DROPPING scroll of vulnerability.
   648 | D:1      | 648 ||| DROPPING scroll of butterflies.
   676 | D:2      | Reached skill level 6 in Ranged Weapons
   676 | D:2      | Reached XP level 2. HP: 16/16 MP: 4/4
   882 | D:2      | Found a faded altar of an unknown god.
   932 | D:2      | HP: 4/16 [adder (2)]
   935 | D:2      | HP: 1/16 [poisoned by an adder]
   936 | D:2      | Slain by a hobgoblin

Levels and vault maps discovered:
D:1:      sevenhm_arrival_forest_fort_small_5, layout_loops_ring,
          kennysheep_crisscross, dreamdust_princess_corridor
D:2:      layout_basic, shapermc_ecumenical_altar_flowoftime

Skill      XL: |  1 |
---------------+----+-----
Ranged Weapons | 6 |  6.6
Fighting       | |  1.5
Dodging        | |  2.4
Stealth        | |  1.2

Action                     || total
---------------------------++-------
   Fire: Shortbow          ||    38
    Use: Scroll            ||     2
 Armour: Leather armour    ||     8
  Dodge: Dodged            ||    11

Table legend:
 A = Non-vault XP
 B = Vault XP
 C = Vault XP percentage of total XP
 D = Non-vault monster count
 E = Vault monster count
 F = Vault count percentage of total count
                 A         B        C        D         E       F
            +---------+---------+-------+---------+---------+-------
      Total |      40 |       0 |   0.0 |      10 |       0 |   0.0
            +---------+---------+-------+---------+---------+-------
        D:1 |       5 |       0 |   0.0 |       3 |       0 |   0.0
        D:2 |      35 |       0 |   0.0 |       7 |       0 |   0.0
            +---------+---------+-------+---------+---------+-------
